 Dungeon Crawl Stone Soup version 0.29-a0-541-gaf1fc19f1b (webtiles) character file.

Game seed: 15353024403827752365

84 MeArio the Shield-Bearer (level 4, 0/41 HPs)
             Began as a Minotaur Fighter on June 2, 2022.
             Slain by a black bear (5 damage)
             ... on level 3 of the Dungeon.
             The game lasted 00:02:29 (2042 turns).

MeArio the Shield-Bearer (Minotaur Fighter)         Turns: 2042, Time: 00:02:29

Health: 0/41       AC:  7    Str: 22    XL:     4   Next: 23%
Magic:  3/3        EV:  9    Int:  5    God:
Gold:   59         SH:  4    Dex: 10    Spells: 3/3 levels left

rFire   . . .      SeeInvis +   a - +0 long sword
rCold   . . .      Faith    .   c - +0 buckler
rNeg    . . .      Spirit   .   b - +0 scale mail
rPois   .          Reflect  .   (helmet restricted)
rElec   .          Harm     .   (no cloak)
rCorr   .          Rampage  .   (no gloves)
Will    .....                   (no boots)
Stlth   ..........              (no amulet)
HPRegen 0.13/turn               h - ring of see invisible
MPRegen 0.08/turn               (no ring)

@: no status effects
A: horns 2, retaliatory headbutt
a: no special abilities


You were on level 3 of the Dungeon.
You visited 1 branch of the dungeon, and saw 3 of its levels.

You collected 59 gold pieces.

Inventory:

Hand Weapons
 a - a +0 long sword (weapon)
Armour
 b - a +0 scale mail (worn)
 c - a +0 buckler (worn)
Jewellery
 f - a ring of ice
 h - a ring of see invisible (left hand)
 l - a ring of flight
Scrolls
 e - a scroll of enchant weapon {unknown}
 i - 2 scrolls of teleportation {unknown}
 j - 2 scrolls of identify {unknown}
 k - a scroll of fog {unknown}
 n - a scroll of fear {unknown}
 p - a scroll of summoning {unknown}
 q - a scroll of amnesia {unknown}
Potions
 d - a potion of might
 g - 3 potions of heal wounds {unknown}
 m - a potion of mutation {unknown}
 o - a potion of brilliance {unknown}


   Skills:
 + Level 4.3 Fighting
 + Level 3.4 Long Blades
 + Level 4.3 Armour
 + Level 4.4 Shields


You had 3 spell levels left.
You didn't know any spells.
Your spell library contained the following spells:

 Spells                   Type           Power      Damage    Failure   Level
 Slow                     Hex            0%         N/A       87%         1
 Confusing Touch          Hex            0%         N/A       99%         3
 Vampiric Draining        Necr           0%         2d6       99%         3


Dungeon Overview and Level Annotations

Branches:
Dungeon (3/15)

Altars:


Innate Abilities, Weirdness & Mutations

You have a pair of horns on your head.
You reflexively headbutt those who attack you in melee.


Message History

You hit the black bear. Your headbutt misses the black bear.
The black bear is lightly wounded.
The black bear barely misses you. You block the black bear's attack.
The black bear claws you but does no damage.
You slash the black bear!
The black bear is moderately wounded.
The black bear bites you.
The black bear claws you but does no damage.
The black bear closely misses you.
You closely miss the black bear.
The black bear is moderately wounded.
The black bear bites you but does no damage.
The black bear claws you but does no damage. x2
The black bear barely misses you. The black bear claws you.
The black bear claws you but does no damage.
You hit the black bear. You headbutt the black bear.
The black bear is severely wounded.
The black bear bites you.
The black bear claws you but does no damage.
You block the black bear's attack.
You hit the black bear but do no damage.
You headbutt the black bear.
The black bear is severely wounded.
The black bear goes berserk!
You hear an angry growl.
The black bear bites you. The black bear misses you.
The black bear barely misses you. The black bear bites you!
The black bear barely misses you. The black bear claws you.
The black bear completely misses you. x2
The black bear claws you.
* * * LOW HITPOINT WARNING * * *
The black bear attacks as you move away!
The black bear bites you.
* * * LOW HITPOINT WARNING * * *
You block the black bear's attack.
The black bear claws you but does no damage.
The black bear bites you.
* * * LOW HITPOINT WARNING * * *
The black bear claws you.
You die...

#..###.....######
#..##....###
#....†######
#†#....#...#
#.#.##>#.#.#
#.#.##...#.# # .
.(#.####...# .#
..# #.@.# ...
###### #h####.#
#.#....# #.....#
###.#.# #...#.#
#.#.#.# #.#.#.# #
###.#


You could see a black bear (berserk).

Vanquished Creatures
  Natasha (D:2)
  An adder (D:2)
  A worm (D:2)
  2 dart slugs (D:1)
  2 ball pythons
  6 endoplasms
  2 giant cockroaches
  3 goblins
  4 hobgoblins
  2 jackals (D:1)
  3 kobolds (D:2)
  A quokka (D:2)
  6 bats (D:1)
  6 rats
40 creatures vanquished.

Notes
Turn   | Place    | Note
-------+----------+-------------------------------------------
     0 | D:1      | MeArio the Minotaur Fighter began the quest for the Orb.
     0 | D:1      | Reached XP level 1. HP: 19/19 MP: 0/0
   197 | D:1      | Reached XP level 2. HP: 27/27 MP: 1/1
   908 | D:2      | Reached XP level 3. HP: 33/33 MP: 2/2
  1505 | D:2      | Found a faded altar of an unknown god.
  1651 | D:2      | Noticed Natasha
  1660 | D:2      | Killed Natasha
  1661 | D:2      | Reached XP level 4. HP: 21/41 MP: 3/3
  2031 | D:3      | Noticed a black bear
  2042 | D:3      | Slain by a black bear

Illustrated notes

Levels and vault maps discovered:
D:1:      lightli_arrival_isolated_outpost, layout_basic
D:2:      layout_loops_ring, dreamdust_ecumenical_altar_sealed_demon,
          grunt_decor_arrowhead, nicolae_figureground_pulse, uniq_natasha
D:3:      layout_basic, chequers_serial_rivers_room_b

Skill      XL: |  1  2 |
---------------+-------+-----
Fighting       | 4 |  4.3
Armour         | 4 |  4.3
Shields        | 4 |  4.4
Long Blades    | 3 |  3.4

Action                   |  1- 3 |  4- 6 || total
-------------------------+-------+-------++-------
Melee: Long sword        |    79 |    10 ||    89
       Headbutt          |     8 |     3 ||    11
Armor: Scale mail        |    39 |    12 ||    51
Dodge: Dodged            |    28 |     9 ||    37
Block: Buckler           |    12 |     3 ||    15

Table legend: (Time is in decaauts)
 A = Elapsed time spent in this place.
 B = Non-inter-level travel time spent in this place.
 C = Inter-level travel time spent in this place.
 D = Time resting spent in this place.
 E = Time spent auto-exploring this place.
 F = Levels seen in this place.
 G = Mean time per level.
                   A        B        C        D        E       F      G
               +--------+--------+--------+--------+--------+-----+--------+
         Total |   2075 |   2027 |     48 |      0 |   1685 |   3 |  691.7 |
       Dungeon |   2075 |   2027 |     48 |      0 |   1685 |   3 |  691.7 |
               +--------+--------+--------+--------+--------+-----+--------+

Top non-repeatable levels by time:
     D:2: 1141 daAuts
     D:1: 828 daAuts
     D:3: 105 daAuts
